[Event "Early-Titled-Tuesday-Blitz-May-07-2024"]
[Site "Chess.com"]
[Date "2024.05.07"]
[Round "8"]
[White "praveenb2002"]
[Black "Statham_01"]
[Result "1-0"]
[WhiteElo "2856"]
[BlackElo "2671"]
[TimeControl "180+1"]
[EndTime "9:34:46 PDT"]
[Termination "praveenb2002 won on time"]

1. c4 e5 2. g3 Nf6 3. Bg2 c6 4. Nf3 e4 5. Nd4 Qb6 6. Nc2 Bc5 7. O-O d5 8. cxd5 h5 9. d4 Bd6 10. dxc6 h4 11. Nc3 Nxc6 12. Nxe4 Nxe4 13. Bxe4 Bh3 14. Bg2 hxg3 15. fxg3 O-O-O 16. Rxf7 Ne5 17. Rxb7 Qa6 18. Nb4 Qc4 19. b3 Qc3 20. Bd2 Qxd4+ 21.
e3 Qxa1 22. Qxa1 Bxg2 23. Rxa7 Bb7 24. Qc3+ Bc7 25. Rxb7 Kxb7 26. Be1 Nf3+ 27. Kf2 Ng5 28. Qc6+ Kc8 29. Qa8+ Kd7 30. Qd5+ Kc8 31. Qxg5 Rxh2+ 32. Kg1 Rb2 33. Qf5+ Kb7 34. Qb5+ Kc8 35. Qa6+ Kd7 36. Qc6+ Kc8 37. Nd5 Rd7 38. Nb6+ 1-0

[Event "Early-Titled-Tuesday-Blitz-May-07-2024"]
[Site "Chess.com"]
[Date "2024.05.07"]
[Round "8"]
[White "Triumphmate"]
[Black "karinachess1"]
[Result "1-0"]
[WhiteElo "2463"]
[BlackElo "2598"]
[TimeControl "180+1"]
[EndTime "9:34:47 PDT"]
[Termination "Triumphmate won by resignation"]

1. e4 e5 2. Nf3 Nc6 3. Nc3 Nf6 4. Bb5 Bd6 5. d3 h6 6. Be3 O-O 7. h3 a6 8. Ba4 b5 9. Bb3 Be7 10. Qd2 d6 11. g4 Na5 12. g5 hxg5 13. Bxg5 Nxb3 14.
axb3 c6 15. Rg1 Re8 16. O-O-O a5 17. Rg3 Nh5 18. Bxe7 Qxe7 19. Rg5 Nf4 20. Ne2 f6 21. Rg3 Nxe2+ 22. Qxe2 a4 23. Rdg1 axb3 24. Rxg7+ Qxg7 25. Rxg7+ Kxg7 26. Nh4 Rh8 27. Qf3 Kf7 28. Nf5 Bxf5 29. Qxf5 Ke7 30. cxb3 Rag8 31. d4 Rg5 32. Qf3 Rgh5 33.
Qc3 Kd7 34. dxe5 fxe5 35. Qa5 Rc8 36. Qa7+ Rc7 37. Qe3 Rc8 38. Qf3 Ke7 39. Qxh5 Rh8 40. Qxh8 1-0

[Event "Early-Titled-Tuesday-Blitz-May-07-2024"]
[Site "Chess.com"]
[Date "2024.05.07"]
[Round "8"]
[White "Flaccidmoves"]
[Black "klercaku"]
[Result "0-1"]
[WhiteElo "2370"]
[BlackElo "2270"]
[TimeControl "180+1"]
[EndTime "9:34:48 PDT"]
[Termination "klercaku won by checkmate"]

1. e4 e5 2. d3 Nc6 3. Be2 Nf6 4. Nf3 d5 5. Nbd2 dxe4 6. dxe4 Be7 7. O-O O-O 8. h3 h6 9. c3 Nh7 10. Nc4 Bd6 11.
b4 a6 12. a4 f5 13. Nxd6 cxd6 14. Bc4+ Kh8 15. Nh4 Qxh4 16. Qxd6 Qf6 17. Qd3 fxe4 18. Qxe4 Bf5 19. Qe3 e4 20. Bd5 Nxb4 21. Bxb7 Rab8 22. Ba3 Nc2 23. Qa7 Nxa3 24. Rxa3 Qe7 25. Rb3 Be6 26. Rb2 Bd5 27. Rfb1 Bxb7 28. Rxb7 Rxb7 29. Rxb7 Qf6 30.
c4 Ng5 31. h4 Ne6 32. Qe3 Qa1+ 33. Kh2 Qe5+ 34. Kg1 Nc5 35. Ra7 Nd3 36. g3 Nxf2 37. c5 Ng4 38. Qb3 Qxc5+ 39. Kg2 Qxa7 40. a5 Qf2+ 41. Kh3 Qf1+ 42. Kxg4 Qf5# 0-1

[Event "Early-Titled-Tuesday-Blitz-May-07-2024"]
[Site "Chess.com"]
[Date "2024.05.07"]
[Round "8"]
[White "tandaleo"]
[Black "ChristopherYoo"]
[Result "0-1"]
[WhiteElo "2595"]
[BlackElo "2994"]
[TimeControl "180+1"]
[EndTime "9:34:49 PDT"]
[Termination "ChristopherYoo won on time"]

1. d4 Nf6 2. Nf3 g6 3. Nbd2 Bg7 4. e4 d6 5. Bb5+ Nc6 6. O-O O-O 7. d5 Ne5 8. Nxe5 dxe5 9. Bd3 e6 10. c4 exd5 11. cxd5 c6 12. Bc4 cxd5 13. exd5 Nxd5 14.
Ne4 Nf4 15. Bxf4 exf4 16. Qb3 Qb6 17. Qxb6 axb6 18. Nd6 Bd7 19. Rfe1 Bf6 20. Rad1 Bc6 21. b4 b5 22. Nxb5 Rfd8 23. Nd6 Ba4 24. Bxf7+ Kg7 25. Bb3 Bxb3 26. axb3 Bc3 27. Nxb7 Rxd1 28. Rxd1 Bxb4 29. Rd7+ Kf6 30. Kf1 g5 31. Rxh7 g4 32.
f3 Ra1+ 33. Ke2 Ra2+ 34. Kd3 Rxg2 35. fxg4 f3 36. Rh8 Kg7 37. Rc8 Be1 38. Rc7+ Kg6 39.
Nd6 f2 40. Ke2 Rxg4 41. Rf7 Rd4 0-1

[Event "Early-Titled-Tuesday-Blitz-May-07-2024"]
[Site "Chess.com"]
[Date "2024.05.07"]
[Round "8"]
[White "ErikRonka"]
[Black "juanchesst"]
[Result "0-1"]
[WhiteElo "2516"]
[BlackElo "2672"]
[TimeControl "180+1"]
[EndTime "9:34:49 PDT"]
[Termination "juanchesst won by resignation"]

1. e4 c5 2. Nf3 Nc6 3. d4 cxd4 4. Nxd4 Nf6 5. Nc3 e5 6. Ndb5 d6 7. Bg5 a6 8. Na3 b5 9. Bxf6 gxf6 10. Nd5 Bg7 11. Bd3 Ne7 12. Nxe7 Qxe7 13. O-O O-O 14.
Qh5 Rb8 15. c4 bxc4 16. Nxc4 f5 17. Ne3 f4 18. Nd5 Qe6 19. b3 Kh8 20. Rfd1 Qg6 21.
Qxg6 hxg6 22. Be2 Rd8 23. Rac1 Be6 24. Ne7 Rb6 25. Nd5 Rb7 26. Bxa6 Ra7 27. Rc6 Rda8 28.
Nc7 Rxc7 29. Rxc7 Rxa6 30. g3 f3 31. Rc3 Rxa2 32. Rxf3 Bf8 33. Rfd3 Kg7 34. R1d2 Ra1+ 35. Kg2 Rb1 36. f4 Rxb3 37. Rxb3 Bxb3 38. Kf3 Kf6 39. Rb2 Be6 40. Rb6 Ke7 41. Ra6 Bg7 42. Ra7+ Bd7 43. Ke3 f5 44. fxe5 dxe5 45. Ra6 Be6 46. Ra7+ Kf6 47. Ra6 Bh6+ 48. Kf3 Bd2 49. h4 Bc3 50. Rb6 Bd4 51. Ra6 Kf7 52. Ra7+ Bxa7 0-1

[Event "Early-Titled-Tuesday-Blitz-May-07-2024"]
[Site "Chess.com"]
[Date "2024.05.07"]
[Round "8"]
[White "JosefineHeinemann"]
[Black "alvarorodriguezavila"]
[Result "1/2-1/2"]
[WhiteElo "2513"]
[BlackElo "2340"]
[TimeControl "180+1"]
[EndTime "9:34:49 PDT"]
[Termination "Game drawn by repetition"]

1. d4 Nf6 2. Bf4 d5 3. e3 c5 4. Nd2 Nc6 5. Ngf3 e6 6. c3 Bd6 7. Bg3 O-O 8. Bd3 Qe7 9. O-O e5 10. dxe5 Nxe5 11. Nxe5 Bxe5 12. Qc2 Re8 13. c4 dxc4 14.
Nxc4 Bxg3 15. hxg3 Be6 16. a4 g6 17. Rfd1 Nd5 18.
Bf1 Nb4 19. Qc3 Rad8 20. b3 Bf5 21. Rd2 Rxd2 22. Nxd2 Rd8 23. Nf3 Be4 24. Rc1 b6 25.
Qa1 Nd3 26. Bxd3 Rxd3 27. Rc3 Rd8 28. Rc1 Rd3 29. Qb2 Bd5 30. Nd2 Qb7 31. Qc2 Be4 32. Nxe4 Qxe4 33. Kh2 Qd5 34. Kg1 Qxb3 35. Qe2 Rd8 36.
a5 Qa3 37. Rd1 Rxd1+ 38. Qxd1 Qb2 39. axb6 axb6 40. Qd8+ Kg7 41. g4 h6 42. g3 b5 43.
Kg2 b4 44. g5 hxg5 45. Qxg5 Qc3 46. e4 b3 47. e5 b2 48. Qf6+ Kg8 49. Qd8+ Kg7 50. Qf6+ Kh7 51. Qh4+ Kg7 52. Qf6+ 1/2-1/2

[Event "Early-Titled-Tuesday-Blitz-May-07-2024"]
[Site "Chess.com"]
[Date "2024.05.07"]
[Round "8"]
[White "MokshAD1603"]
[Black "Mops_2004"]
[Result "0-1"]
[WhiteElo "2628"]
[BlackElo "2807"]
[TimeControl "180+1"]
[EndTime "9:34:50 PDT"]
[Termination "Mops_2004 won by resignation"]

1. d4 d5 2. c4 c6 3. Nf3 Nf6 4. cxd5 cxd5 5. Nc3 Nc6 6. Bf4 a6 7. Rc1 Bf5 8. e3 e6 9. Be2 Bd6 10. Bxd6 Qxd6 11. O-O O-O 12. Na4 Bg4 13. Nc5 b6 14.
Nd3 Bxf3 15. Bxf3 Rfc8 16. Qb3 Nd7 17. Rc3 Na5 18. Qc2 Rxc3 19. Qxc3 Qc6 20. Rc1 Rc8 21. Qxc6 Rxc6 22. Rxc6 Nxc6 23. Kf1 Kf8 24. Ke2 Ke7 25.
Kd2 g5 26. h3 Kd6 27. b4 a5 28. b5 Na7 29. a4 f5 30. g3 Nc8 31. Bh5 Nf6 32. Be2 Ne4+ 33. Kc2 Ne7 34. Bf3 Nf6 35. Ne5 Ng6 36. Nf7+ Ke7 37. Nxg5 h6 38. Nxe6 Kxe6 39. Kd3 Ne4 40. Bxe4 fxe4+ 41. Ke2 h5 42. f4 Kf5 43.
Kf2 Ne7 44. Ke2 Nc8 45. Kf2 Nd6 46. Ke2 Nc4 0-1

[Event "Early-Titled-Tuesday-Blitz-May-07-2024"]
[Site "Chess.com"]
[Date "2024.05.07"]
[Round "8"]
[White "howitzer14"]
[Black "Aisen1011"]
[Result "1-0"]
[WhiteElo "3015"]
[BlackElo "2470"]
[TimeControl "180+1"]
[EndTime "9:34:50 PDT"]
[Termination "howitzer14 won by checkmate"]

1. d4 d5 2. Nc3 Nf6 3. Bg5 Nbd7 4. f3 c5 5. e4 cxd4 6. Qxd4 e5 7. Qa4 d4 8. Nd5 Be7 9. Bxf6 Bxf6 10. Qa3 Be7 11. Qxe7+ Qxe7 12. Nxe7 Kxe7 13. Nh3 f6 14. Nf2 Nc5 15.
Bc4 Be6 16. Bxe6 Nxe6 17. Kd2 Rhc8 18. Rhc1 Rc4 19. a4 Rac8 20. a5 a6 21. Nd3 Nc5 22. Nf2 Ne6 23. Ra3 Rb4 24. Nd3 Rb5 25. c4 dxc3+ 26.
Rcxc3 Rd8 27. Ke3 Rd7 28. b4 Kd6 29. Rc4 Rc7 30. Rac3 Rxc4 31. Rxc4 Kd7 32. h4 b6 33.
axb6 Rxb6 34. Rc1 Rc6 35. Ra1 Nd4 36. Ra2 Ne6 37. g3 Rc3 38. Rxa6 Nd4 39. Ra7+ Ke6 40. Rxg7 Rc2 41. Nc5+ Kd6 42. Rxh7 Re2+ 43. Kd3 Rf2 44.
Kc4 Rxf3 45. b5 Rxg3 46. Rd7# 1-0

[Event "Early-Titled-Tuesday-Blitz-May-07-2024"]
[Site "Chess.com"]
[Date "2024.05.07"]
[Round "8"]
[White "Larina_Maria"]
[Black "ScofieldMichael01"]
[Result "1-0"]
[WhiteElo "2352"]
[BlackElo "2531"]
[TimeControl "180+1"]
[EndTime "9:34:51 PDT"]
[Termination "Larina_Maria won on time"]

1. e4 e6 2. Nf3 d5 3. e5 c5 4. b4 cxb4 5. a3 Nc6 6. d4 f6 7. exf6 Nxf6 8. Bd3 Bd6 9. O-O O-O 10. Bg5 Qc7 11.
c3 bxa3 12. Nxa3 a6 13. Nb5 Qb8 14. Nxd6 Qxd6 15. Re1 Bd7 16. Ne5 Be8 17. Qe2 Ne4 18.
Bxe4 dxe4 19. Qxe4 Nxe5 20. Qxe5 Qxe5 21. Rxe5 Rc8 22.
Bd2 Kf7 23. Rb1 Bc6 24. c4 Rfd8 25. Be3 b5 26. cxb5 Bxb5 27. Rc5 Rb8 28. Rc7+ Kg6 29. h4 Rdc8 30. Rbc1 Rxc7 31. Rxc7 a5 32. Ra7 a4 33. Bf4 Rc8 34. Be5 Kf5 35. Bxg7 Rc1+ 36. Kh2 Rc2 37. f3 Ra2 38. Be5 Bc6 39. Kg3 h5 40. Rh7 a3 41. Rxh5+ Kg6 42. Rg5+ Kf7 43. Rg7+ Ke8 44. Ra7 Bd5 45. Bd6 Rd2 46. Rxa3 Rxd4 47.
Be5 Rc4 48. Ra7 Rc2 49. h5 Rc1 50. h6 Rh1 51. h7 Be4 52. h8=Q+ 1-0

[Event "Early-Titled-Tuesday-Blitz-May-07-2024"]
[Site "Chess.com"]
[Date "2024.05.07"]
[Round "8"]
[White "bancsoo"]
[Black "JeFumeDesClopes"]
[Result "0-1"]
[WhiteElo "2869"]
[BlackElo "2724"]
[TimeControl "180+1"]
[EndTime "9:34:52 PDT"]
[Termination "JeFumeDesClopes won by resignation"]

1. Nf3 g6 2. d4 Bg7 3. c4 d6 4. g3 Nf6 5. Bg2 O-O 6. Nc3 Nc6 7. O-O a6 8. b3 Rb8 9. d5 Na5 10. Bg5 c5 11. dxc6 bxc6 12. c5 d5 13. Bf4 Rb4 14.
Be5 Bh6 15. Bxf6 exf6 16. Nd4 Bd7 17. Rb1 f5 18. a3 Rb8 19. e3 Qe7 20. Na4 Nb7 21. b4 a5 22. Nb6 axb4 23. axb4 Be8 24. Ra1 Qd8 25. Ra7 Nd6 26. Nxd5 Nc8 27. Ra1 cxd5 28.
Qb3 Ne7 29. b5 Bg7 30. b6 Bxd4 31. exd4 Bc6 32. Ra7 Nc8 33. Ra3 Re8 34. Qc3 Qe7 35. Raa1 Qe2 36. Rfe1 Qb5 37. Rxe8+ Bxe8 38. Bxd5 Nxb6 39.
cxb6 Qxd5 40. Qc7 Qb7 41. Rc1 Qxb6 42. d5 Qxc7 43. Rxc7 Rd8 44. Rc5 f6 45. f4 Bf7 0-1

[Event "Early-Titled-Tuesday-Blitz-May-07-2024"]
[Site "Chess.com"]
[Date "2024.05.07"]
[Round "8"]
[White "MarkusRagger"]
[Black "lefonghua"]
[Result "1/2-1/2"]
[WhiteElo "2799"]
[BlackElo "2575"]
[TimeControl "180+1"]
[EndTime "9:34:52 PDT"]
[Termination "Game drawn by repetition"]

1. d4 Nf6 2. c4 c5 3. d5 e6 4.
Nc3 exd5 5. cxd5 d6 6. Nf3 g6 7. Bf4 a6 8. a4 Bg7 9. h3 O-O 10. e3 Ne8 11. Be2 Nd7 12. O-O Qe7 13. Nd2 Rb8 14.
a5 Nc7 15. Nc4 Ne5 16. Nb6 Na8 17. Nxa8 Rxa8 18. Re1 Rb8 19. Na4 Bd7 20. Nb6 Bb5 21. Bh2 Bxe2 22. Rxe2 Nd7 23. Qb3 Nxb6 24. Qxb6 Rfd8 25.
Rc1 Be5 26. Bxe5 Qxe5 27. Rd2 Rdc8 28. Rc4 Qe7 29. b4 cxb4 30. Rdc2 Rxc4 31. Rxc4 Qe5 32. Rxb4 Qxd5 33. Rd4 Qc6 34. Rxd6 Qxb6 35. Rxb6 Rc8 36. Rxb7 Rc5 37. g4 h5 38. Kg2 hxg4 39. hxg4 Rxa5 40.
f4 Ra4 41. Ra7 Kg7 42. Kf3 Ra3 43. g5 a5 44. Ke4 Ra1 45. Ke5 a4 46. e4 a3 47. Ra4 Ra2 48. Ra6 Ra1 49. Ra7 Ra2 50. Ra8 Ra1 51. Ra6 Ra2 52. Ra4 Ra1 53. Ra5 Ra2 54.
Ra7 Ra1 55. Ra6 Ra2 56. Ra5 Ra1 57. Ra4 Ra2 58. Ra8 Ra1 59. Ra7 Ra2 60. Ra6 Ra1 61.
Ra7 1/2-1/2

[Event "Early-Titled-Tuesday-Blitz-May-07-2024"]
[Site "Chess.com"]
[Date "2024.05.07"]
[Round "8"]
[White "Stanbad1"]
[Black "InitiatingASC"]
[Result "0-1"]
[WhiteElo "2594"]
[BlackElo "2431"]
[TimeControl "180+1"]
[EndTime "9:34:52 PDT"]
[Termination "InitiatingASC won by resignation"]

1. d4 d5 2. c4 e6 3. Nc3 c5 4.
cxd5 exd5 5. Bf4 Nc6 6. e3 Nf6 7. Nf3 c4 8. Ne5 Bb4 9. Rc1 Qa5 10. Be2 Ne4 11. Qc2 Qxa2 12. Bxc4 Bxc3+ 13. Ke2 Qxb2 14. Bxd5 Nxe5 15. Bxe4 Ng6 16. Bg3 O-O 17. Qxb2 Bxb2 18. Rc7 Re8 19. Bd5 Be6 20. Bxb7 Rad8 21. Kd3 Ba3 22.
Ra1 Bd6 23. Bxd6 Rxd6 24. Rxa7 Bf5+ 25. Kd2 Red8 26. Bf3 Be6 27. Kc3 Nh4 28. Bc6 Rc8 29. Rxc8+ Bxc8 30. Rc7 Rd8 31. Bd5 Be6 32. Bxe6 fxe6 33.
g3 Nf3 34. h4 e5 35. dxe5 Nxe5 36. Rc5 Ng4 37. Rf5 Rf8 38. e4 Rxf5 39. exf5 Nxf2 40. Kd4 Ng4 41. Ke4 Kf7 42. Kf4 Nf6 43. g4 Nd5+ 44. Ke5 Ne3 45. Kf4 Ng2+ 46. Kg3 Ne1 47. Kf4 h6 48.
Ke4 Ng2 49. h5 Kf6 50. Kf3 Ne1+ 51. Kf4 Nd3+ 52. Ke4 Nc5+ 53. Kf4 Nd3+ 54. Ke4 Ne5 55. Kf4 Nf7 56. Kf3 Kg5 57. Kg3 Ne5 0-1

[Event "Early-Titled-Tuesday-Blitz-May-07-2024"]
[Site "Chess.com"]
[Date "2024.05.07"]
[Round "8"]
[White "UF_10"]
[Black "ValiantCeleb"]
[Result "0-1"]
[WhiteElo "2493"]
[BlackElo "2287"]
[TimeControl "180+1"]
[EndTime "9:34:52 PDT"]
[Termination "ValiantCeleb won by resignation"]

1. d4 d5 2. Nf3 Nf6 3. Bf4 c5 4. e3 Nc6 5. Nbd2 Bg4 6. Be2 e6 7. c3 Qb6 8. Rb1 Bf5 9. O-O Bxb1 10. Qxb1 Be7 11. h3 O-O 12. Bd3 h6 13. Re1 Rac8 14.
Nf1 Rfd8 15. N1h2 Bd6 16. Ne5 Bxe5 17. dxe5 Nd7 18. Nf3 d4 19. c4 Nf8 20. Be4 Qb4 21. Qc1 d3 22. Nd2 Nd7 23. a3 Qb6 24. Qc3 Qa5 25.
Qxa5 Nxa5 26. Bg3 Nc6 27. f4 f5 28. Bf3 a6 29. Bh4 Rf8 30. b4 cxb4 31. axb4 g5 32. Bf2 Nxb4 33. Rb1 a5 34. Bxb7 Rb8 35. Bf3 a4 36. c5 Nc2 37. Rc1 a3 38. c6 a2 39.
cxd7 a1=Q 40. Rxa1 Nxa1 41. Be4 fxe4 42. Nxe4 Rfd8 43.
fxg5 hxg5 44. h4 Rb4 45. Nf6+ Kf7 46. hxg5 d2 0-1

[Event "Early-Titled-Tuesday-Blitz-May-07-2024"]
[Site "Chess.com"]
[Date "2024.05.07"]
[Round "8"]
[White "LeoLV10"]
[Black "Ivan11Martic"]
[Result "0-1"]
[WhiteElo "2492"]
[BlackElo "2630"]
[TimeControl "180+1"]
[EndTime "9:34:53 PDT"]
[Termination "Ivan11Martic won by checkmate"]

1. e4 c5 2. Nf3 e6 3. d4 cxd4 4.
Nxd4 Nc6 5. Nc3 a6 6. Be3 Nf6 7. Be2 Bb4 8. f3 d5 9. O-O O-O 10. exd5 exd5 11. Nxc6 bxc6 12. Na4 Re8 13. Bf2 Qe7 14. Bd3 Rb8 15. c3 Bd6 16. Re1 Be6 17.
Bxa6 c5 18. Bf1 Qc7 19. g3 h5 20. f4 Ne4 21. Be3 Rbd8 22. b3 Bg4 23. Qc2 Bf5 24. Qg2 Bf8 25. Bb5 Re6 26. Rad1 Rg6 27. Kh1 h4 28.
Bf2 Bh3 29. Qf3 Bg4 30. Qg2 h3 31. Qf1 Bxd1 32. Rxd1 d4 33. Be2 dxc3 34. Rxd8 Qxd8 35. Bf3 Nxf2+ 36. Qxf2 Rd6 37. Nxc3 Rd3 38. Ne2 Rd2 39. Qe3 c4 40. bxc4 Rxa2 41. g4 Qa5 42. Kg1 Bc5 43. Nd4 Bxd4 44. Qxd4 Qe1# 0-1

[Event "Early-Titled-Tuesday-Blitz-May-07-2024"]
[Site "Chess.com"]
[Date "2024.05.07"]
[Round "8"]
[White "Kazmin_Semyon"]
[Black "GMAkobianSTL"]
[Result "0-1"]
[WhiteElo "2610"]
[BlackElo "2805"]
[TimeControl "180+1"]
[EndTime "9:34:55 PDT"]
[Termination "GMAkobianSTL won by checkmate"]

1. d4 e6 2. e4 d5 3. Nc3 Bb4 4. e5 c5 5. a3 Bxc3+ 6. bxc3 Ne7 7. Qg4 Kf8 8. Nf3 Qc7 9. Bd2 b6 10. Bd3 h6 11. h4 Ba6 12. Rh3 Bxd3 13. cxd3 c4 14.
h5 cxd3 15. Nh4 Rh7 16. Rf3 Ke8 17. Qf4 Nec6 18. Rxd3 Qe7 19. Rg3 Nd7 20. a4 Na5 21. Bc1 Nc4 22. a5 bxa5 23. Rb1 Ndb6 24. Nf3 Kd7 25.
Kf1 a4 26. Ne1 a3 27. Nd3 Rc8 28. Nc5+ Ke8 29. Na6 Kf8 30. Qg4 Ke8 31. Qf4 a2 32.
Ra1 Qd7 33. Rxa2 Qb5 34. Kg1 Qb1 35. Re2 Nd7 36. Qf3 Qxc1+ 37. Kh2 Nd2 38. Qd3 Nf1+ 39. Kh3 Nxg3 40. Qxh7 Nf5 41. Qh8+ Nf8 42. g4 Qh1# 0-1

[Event "Early-Titled-Tuesday-Blitz-May-07-2024"]
[Site "Chess.com"]
[Date "2024.05.07"]
[Round "8"]
[White "ReinisUz"]
[Black "Silent-Killer100"]
[Result "1-0"]
[WhiteElo "2450"]
[BlackElo "2547"]
[TimeControl "180+1"]
[EndTime "9:34:55 PDT"]
[Termination "ReinisUz won by resignation"]

1. c4 b6 2. Nc3 Bb7 3. d4 Nf6 4. d5 e6 5. e4 exd5 6. exd5 Bb4 7. Ne2 O-O 8. g3 c6 9. Bg2 cxd5 10. cxd5 Re8 11. O-O Ba6 12. Re1 Bxc3 13. Nxc3 d6 14. Bg5 Nbd7 15. Qd4 h6 16. Bf4 Nc5 17. Rxe8+ Nxe8 18. Ne4 Qd7 19. Re1 Nd3 20. Re3 Nxf4 21. gxf4 Rc8 22. h3 Qf5 23. Rg3 Kf8 24. h4 Qxf4 25. h5 Rc4 26. Qe3 Qe5 27. Bf3 Qxb2 28. Qf4 Qc1+ 29. Qxc1 Rxc1+ 30. Kg2 Rc2 31. Bg4 Rxa2 32. Rc3 Ra4 33. f3 Ra2+ 34. Kg3 g5 35. Bd7 Bf1 36. Bxe8 Rg2+ 37. Kh3 Re2+ 38. Kg4 Rg2+ 39. Kf5 Rc2 40. Rxc2 Ke7 41. Rc7+ Kxe8 42. Rxa7 b5 43. Nxd6+ Kd8 44. Nxf7+ Ke8 45. Nxh6 Kf8 46. Kxg5 Ke8 47. Kf6 Kd8 48. Nf5 Kc8 49. Ra5 Kb8 50. Ra1 Kc8 51. Rxf1 1-0

[Event "Early-Titled-Tuesday-Blitz-May-07-2024"]
[Site "Chess.com"]
[Date "2024.05.07"]
[Round "8"]
[White "Kostukov_Alex"]
[Black "Boxerandchessplayer"]
[Result "1-0"]
[WhiteElo "2369"]
[BlackElo "2240"]
[TimeControl "180+1"]
[EndTime "9:34:55 PDT"]
[Termination "Kostukov_Alex won by resignation"]

1. g3 e6 2. Bg2 d5 3. d3 Nf6 4. e4 dxe4 5. dxe4 Qxd1+ 6. Kxd1 Nc6 7. f3 e5 8. Be3 Be6 9. Nd2 Be7 10. Bh3 Bxh3 11. Nxh3 O-O-O 12. c3 Rhe8 13. Ke2 Nd7 14. b4 f6 15. a4 Kb8 16. Nf2 Bf8 17. h4 Ne7 18.
Nc4 Nc8 19. a5 Nd6 20. Nxd6 Bxd6 21. h5 h6 22. Ng4 Nf8 23. Bf2 Ne6 24. Ne3 Bf8 25. Nf5 Rd7 26. Rhf1 Red8 27. Rfd1 a6 28. Re1 Rd2+ 29. Kf1 Rc2 30. Rac1 Rdd2 31. Rxc2 Rxc2 32.
Re3 Kc8 33. Be1 c5 34. Re2 Rxe2 35. Kxe2 cxb4 36. cxb4 Kc7 37. Kd3 Kc6 38. Kc4 Ng5 39.
Nh4 Nf7 40. Bd2 Nd6+ 41. Kb3 Nb5 42. Nf5 Nd6 43. Nxd6 Bxd6 44. Kc4 Be7 45. f4 Bd6 46. f5 Be7 47. Be3 Bd6 48. Bc5 Bxc5 49. bxc5 Kc7 50. Kd5 Kd7 51. g4 Kc7 52. Ke6 Kc6 53. Kf7 Kxc5 54.
Kxg7 b6 55. g5 bxa5 56. gxf6 a4 57. f7 1-0

[Event "Early-Titled-Tuesday-Blitz-May-07-2024"]
[Site "Chess.com"]
[Date "2024.05.07"]
[Round "8"]
[White "Bilan_Danila"]
[Black "ClauSanLuis"]
[Result "0-1"]
[WhiteElo "2537"]
[BlackElo "2421"]
[TimeControl "180+1"]
[EndTime "9:34:56 PDT"]
[Termination "ClauSanLuis won by resignation"]

1. d4 Nf6 2. Nf3 e6 3. g3 c5 4. Bg2 Nc6 5. c4 d5 6. cxd5 Nxd5 7. O-O Be7 8. Nc3 Nxc3 9. bxc3 O-O 10. Bf4 Bd7 11.
Rb1 Qc8 12. Ne5 Rd8 13. Nxd7 Rxd7 14. d5 exd5 15. Bh3 Bf6 16. Bxd7 Qxd7 17. Qb3 Na5 18. Qa3 b6 19. Rbd1 Qe6 20. Rfe1 Re8 21. Qc1 h6 22. Qd2 g5 23. Be3 Nc4 24. Qxd5 Nxe3 25. Qxe6 Rxe6 26. fxe3 Bxc3 27. Rd8+ Kg7 28. Rf1 Rxe3 29.
Rd7 Bf6 30. Kf2 Ra3 31. Rd2 Bd4+ 32. Kg2 Kg6 33. e4 Re3 34. h4 Rxe4 35. hxg5 hxg5 36.
Rc2 f5 37. Kf3 Re3+ 38. Kg2 Be5 39. g4 Rg3+ 40. Kf2 Rxg4 41. Re2 Bd4+ 42. Ke1 Kf6 43. Kd2 Rg3 44. Rh2 Ra3 45. Kc1 f4 46. Rh6+ Kf5 47. Rh5 f3 48. Rh8 f2 49. Rf8+ Ke4 50. Rh8 Rxa2 51. Rd8 Ra1+ 52. Kd2 Rxf1 53. Re8+ 0-1

[Event "Early-Titled-Tuesday-Blitz-May-07-2024"]
[Site "Chess.com"]
[Date "2024.05.07"]
[Round "8"]
[White "Airquake"]
[Black "m_ezat"]
[Result "1-0"]
[WhiteElo "2806"]
[BlackElo "2565"]
[TimeControl "180+1"]
[EndTime "9:34:57 PDT"]
[Termination "Airquake won by checkmate"]

1. e4 c6 2. d4 d5 3. Nd2 Qc7 4. Ngf3 Bg4 5. h3 Bh5 6. exd5 cxd5 7. Be2 Nc6 8. c3 e6 9. Nf1 Bd6 10. Ne3 Nf6 11. b4 Ne4 12. Bb2 O-O 13. O-O a5 14. b5 Ne7 15. a4 Rac8 16. Rc1 Qb8 17. c4 dxc4 18. Nxc4 Bf4 19. Rc2 Nd5 20. Nfe5 Bxe2 21.
Qxe2 Nd6 22. Nd7 Qc7 23. Nxf8 Nxc4 24. Nxe6 Qd7 25. Nxf4 Nxf4 26. Qe4 g5 27. Rfc1 Re8 28. Qf3 Nd6 29. d5 Qf5 30. Qc3 f6 31. Qxf6 Qxf6 32.
Bxf6 Ne2+ 33. Rxe2 Rxe2 34. Bxg5 Ra2 35. Bf4 Ne4 36. d6 Nf6 37. Rc8+ Kf7 38. Rc7+ Ke6 39. Rxb7 Rxa4 40. Re7+ Kf5 41. Bg3 Rd4 42. b6 Rd1+ 43.
Kh2 Rb1 44. b7 a4 45. d7 Ng4+ 46. hxg4+ Kf6 47. d8=Q a3 48. Qf8+ Kg6 49. Re6+ Kg5 50. Qf5# 1-0

[Event "Early-Titled-Tuesday-Blitz-May-07-2024"]
[Site "Chess.com"]
[Date "2024.05.07"]
[Round "8"]
[White "Giorno"]
[Black "AnnaChessLook"]
[Result "1-0"]
[WhiteElo "2545"]
[BlackElo "2298"]
[TimeControl "180+1"]
[EndTime "9:34:58 PDT"]
[Termination "Giorno won by resignation"]

1. d4 Nf6 2. c4 c5 3. Nf3 cxd4 4. Nxd4 g6 5. g3 Nc6 6. Bg2 Bg7 7. O-O O-O 8. e3 Nxd4 9. Qxd4 d6 10. Qh4 a5 11.
Nc3 Nd7 12. Bd2 Nc5 13. b3 Be6 14. Rad1 Bf6 15. Qf4 Be5 16. Qf3 Rb8 17. h3 Bg7 18. Nb5 Qb6 19. Bc3 a4 20. Bxg7 Kxg7 21. Rb1 axb3 22.
axb3 f5 23. Qd1 Ra8 24. Qd4+ Kg8 25. Bd5 Bxd5 26. Qxd5+ Kg7 27. Nd4 e5 28. b4 exd4 29. bxc5 Qxc5 30. Rxb7+ Kh8 31. Qxd4+ Qxd4 32. exd4 Ra4 33.
Rc1 Rc8 34. Rd7 Raxc4 35. Rxc4 Rxc4 36. Rxd6 Kg7 37. Rd7+ Kf6 38. d5 Rd4 39. Kg2 h6 40. h4 g5 41. h5 Ke5 42. Rh7 Rxd5 43. Rxh6 f4 44. g4 Rd3 45. Ra6 f3+ 46. Kg3 Rd6 47. Rxd6 Kxd6 48. Kxf3 1-0

[Event "Early-Titled-Tuesday-Blitz-May-07-2024"]
[Site "Chess.com"]
[Date "2024.05.07"]
[Round "8"]
[White "MasterKroket"]
[Black "Elegance_Riks"]
[Result "0-1"]
[WhiteElo "2509"]
[BlackElo "2734"]
[TimeControl "180+1"]
[EndTime "9:34:59 PDT"]
[Termination "Elegance_Riks won by resignation"]

1. e4 e6 2. d4 d5 3. Nc3 Bb4 4. e5 c5 5. a3 Bxc3+ 6. bxc3 Ne7 7. Qg4 Qc7 8. Qxg7 Rg8 9. Qxh7 cxd4 10. Ne2 dxc3 11.
f4 Nbc6 12. Qd3 d4 13. Nxd4 Nxd4 14. Qxd4 Bd7 15. a4 Nf5 16. Qc4 Bc6 17. Qxc3 O-O-O 18. Ba3 Bxg2 19. Qxc7+ Kxc7 20. Rg1 Bxf1 21. Rxg8 Rxg8 22. Kxf1 Rg4 23. Bc1 Kc6 24. Ra3 Rg8 25. Rd3 b6 26.
Kf2 Rh8 27. h3 Rg8 28. Be3 Kc7 29. c4 Kc6 30. a5 Rg3 31. axb6 axb6 32. h4 Rh3 33.
Rb3 Nxe3 34. Rxe3 Rxh4 35. Kf3 Kc5 36. Ke4 Rh1 37. Rb3 Re1+ 38. Kd3 Rd1+ 39. Ke4 Rd4+ 40. Ke3 Rxc4 41. Rb1 b5 42. Rd1 Kb6 43. Rd6+ Kb7 44. Rd7+ Rc7 45. Rd8 Kb6 46. Rd6+ Kc5 47. Kd3 b4 48.
Rd8 Kb5 49. Rb8+ Ka4 50. Ra8+ Kb3 51. Rb8 Ka3 52. Ra8+ Kb2 53. Rb8 b3 54. Kd2 Ka2 0-1

[Event "Early-Titled-Tuesday-Blitz-May-07-2024"]
[Site "Chess.com"]
[Date "2024.05.07"]
[Round "8"]
[White "SaiHanThiha"]
[Black "Oleg_Papayan"]
[Result "1-0"]
[WhiteElo "2463"]
[BlackElo "2663"]
[TimeControl "180+1"]
[EndTime "9:34:59 PDT"]
[Termination "SaiHanThiha won by checkmate"]

1. e4 d5 2. exd5 Qxd5 3. Nc3 Qd8 4. d4 c6 5. Bc4 Bf5 6. g4 Bg6 7. h4 h5 8. Nf3 Nd7 9. g5 e6 10. Bf4 Qb6 11. Bb3 Ne7 12. Qe2 Nd5 13. Bd2 Nxc3 14. bxc3 O-O-O 15. a4 a6 16. a5 Qc7 17. c4 Bd6 18. Bc3 Rhe8 19. c5 Bf4 20. Ne5 Bxe5 21. dxe5 Nxc5 22. Bc4 Be4 23. O-O Bd5 24. Bb4 Ne4 25.
Rfd1 f6 26. f3 Ng3 27. Qd3 Qxe5 28. Bc3 Qf4 29. Bxa6 Qxf3 30. Bxb7+ Kxb7 31. Rdb1+ Kc7 32. Qxf3 Bxf3 33. a6 Ne2+ 34. Kf2 Nxc3 35. Rb7+ Kd6 36. a7 c5 37. Rxg7 Bd5 38. gxf6 Ne4+ 39. Ke3 Nxf6 40. Ra6+ Ke5 41. Rg5# 1-0